cohdb
Replays
Latest Replays
All Replays
Popular Replays
Top Player Replays
Match Explorer
How It Works
Community
CoH3 Stats
Reddit
Sign in to upload your games and track your stats! →
Sign in with Steam
Match 40470231
Unlisted
Match 40470231
Overview
Messages
Build Orders
End
Kettenkrad Recon Vehicle
Construct Infanterie Kompanie
MG 42 Machine Gun Team
MG 42 Machine Gun Team
Grenadier Squad
Construct Panzergrenadier Kompanie
251 Medium Carrier
Panzergrenadier Squad
Pak 40 Anti-tank Gun Team
251 Medium Carrier
Selects Terror Battlegroup
Selects Machine Gun Camouflage
Selects No Quarter
Dingo like Relic's parents
Delete Squad
CPU - VERY EASY
vulture4321
joy0407
Jimbo Rustles
0
0
Comments
sign in to comment!
No comments posted yet!